Frizzbo, neutral female gnomish Wizard ---- ------- ---- --..---------- --.....-- |..| ---------- ---- --............-- |.......| --.-- |..--....---..--- |....-----.....-- |.....--- --..| ----.........|.....----.---- |.......| --....| ---- |...---.|......--.---.........| --......| ---..-- ---..| ---..............---|...--------- ---.|.-- ----...| |....-- |.....)...(...|....--.--- ------ --|.--- |.....-- --.f...---.---.......-----.....|------....---- ---- |...----.....| |.G........| |.......| -------..|..........--|..| |....|.......---- --.u-------- |-......--- |............^...|..---...............| ---- |...^.....--------..........---...............----.....| ---...........................| |.--.|...........| --....---- |...........-------......--.|.----------.....---.-- --....|.| |..--........-- |........|----..-- --...-| |..| --.....| ------....<...| |........-- |...| --...| |..| |....-- |....----- |....>....| |...| |..-- ---- ------ ------ ---.|.--.-- ---.| ---- -------- --- Frizzbo the Thaumaturge Experience level: 6 Strength: 10 Dexterity: 17 Constitution: 14 Intelligence: 16 Wisdom: 17 Charisma: 8 Health: 0(30) Energy: 73(73) Def: 2 Gold: 306 Moves: 3809 Dungeon seed: pFuLE5YtjVC29yOX Game ID: Frizzbo_1466082515 Your Inventory: Coins $ - 306 gold pieces Weapons f - an uncursed +2 aklys (weapon in hand) Armor e - an uncursed +0 cloak of magic resistance (being worn) N - an uncursed +0 orcish helm (being worn) Comestibles g - 3 uncursed food rations k - an uncursed sprig of wolfsbane l - 3 uncursed tripe rations m - 2 uncursed eucalyptus leaves Scrolls h - an uncursed scroll of earth i - 2 uncursed scrolls of destroy armor q - an uncursed scroll of water z - an uncursed scroll of remove curse D - a blessed scroll of create monster G - an uncursed scroll of fire H - 2 blessed scrolls of enchant weapon J - an uncursed scroll of magic mapping U - an uncursed scroll of teleportation Spellbooks b - a blessed spellbook of force bolt c - an uncursed spellbook of identify j - an uncursed spellbook of detect monsters Potions t - a cursed potion of object detection x - an uncursed potion of healing Rings u - an uncursed ring of cold resistance B - an uncursed ring of poison resistance M - a cursed ring of free action Wands d - an uncursed wand of nothing (0:6) s - an uncursed wand of enlightenment (0:11) v - an uncursed wand of secret door detection (0:11) Tools r - an uncursed towel P - an uncursed tin whistle V - 7 uncursed tallow candles (0:200) Z - an uncursed oil lamp (0:627) Gems n - an uncursed worthless piece of orange glass o - an uncursed worthless piece of blue glass w - an uncursed jasper stone y - an uncursed worthless piece of violet glass L - 2 uncursed worthless pieces of yellowish brown glass R - an uncursed jet stone S - 3 uncursed worthless pieces of yellow glass T - 2 uncursed worthless pieces of red glass Y - an uncursed agate stone Spells and supernatural/magical abilities: Name Level Category Fail Memory a - force bolt 1 attack 0% 81% n - detect monsters 1 divination 0% 99% I - identify 3 divination 12% 81% W - pray for help -- divine ? -- Your skills at the end: Miscellaneous Skills wands [Basic] Weapon Skills club [Basic] quarterstaff [Basic] crossbow [Basic] Spellcasting Skills attack spells [Skilled] divination spells [Basic] enchantment spells [Basic] Final Attributes: You were devoutly aligned. You were magic-protected. You had infravision. You are dead. Vanquished creatures: a dingo a blue jelly a bugbear an imp 2 fog clouds a shrieker 2 floating eyes a dwarf a homunculus 2 kobold lords 2 iguanas 2 rothes a giant bat a werejackal 7 coyotes a gas spore 2 hobbits 2 geckos 4 hobgoblins 2 giant rats a red mold 2 gnomes 7 garter snakes 2 manes 2 jackals 3 foxes 2 kobolds 7 newts 2 goblins 2 sewer rats 10 grid bugs 2 bats 7 lichens a kobold zombie 87 creatures vanquished. Voluntary challenges: You used a wielded weapon 38 times, starting on turn 58. You did not apply a unicorn horn. You read items or engraved 13 times, starting on turn 515. You never genocided any monsters. You never polymorphed an object. You never changed form. You used no wishes. You never split a pudding. You never wrote Elbereth's name. You violated your moral code, losing 1 point of alignment, starting on turn 3571. Dungeon overview: The Dungeons of Doom: levels 1 to 5 Level 1 a fountain a long staircase Level 2 a scroll shop Level 3 an altar to Anhur stairs to The Gnomish Mines Level 4 Level 5 The Gnomish Mines: levels 4 to 6 Level 4 stairs to The Dungeons of Doom Level 5 Level 6 <- You were here History has recorded: On T:1 you entered the Dungeons of Doom to retrieve the Amulet of Yendor! On T:475 you reached level 2 of The Dungeons of Doom. On T:562 you reached level 5 of The Dungeons of Doom. On T:563 you advanced to experience level 2. On T:629 you reached level 4 of The Dungeons of Doom. On T:796 you advanced to experience level 3. On T:959 you reached level 3 of The Dungeons of Doom. On T:1506 you advanced to experience level 4. On T:2257 you reached level 1 of The Gnomish Mines. On T:2484 you advanced to experience level 5. On T:2729 you reached level 2 of The Gnomish Mines. On T:3209 you reached level 3 of The Gnomish Mines. On T:3457 you advanced to experience level 6. Score breakdown: Gold: 306 ( 30 points) Experience: 6 levels ( 500 points) Exploration: 6 levels ( 150 points) Discoveries: 23 items ( 1150 points) Variety of kills: 34 monsters ( 1700 points) Major goal: (nothing yet) ( 0 points) Survival: died (score multiplied by 3) Total score: 10590 Latest messages: J - an uncursed scroll of magic mapping. H - 2 blessed scrolls of enchant weapon. U - an uncursed scroll of teleportation. x - an uncursed potion of healing. You don't have enough energy to cast that spell. You hear some noises. (2x) You displace Taco. (2x) t - a cursed potion of object detection. M - a cursed ring of free action. u - an uncursed ring of cold resistance. s - an uncursed wand of enlightenment (0:11). v - an uncursed wand of secret door detection (0:11). You hear some noises. The black unicorn butts! The black unicorn kicks! The black unicorn butts! The black unicorn kicks! The black unicorn butts! You die... Final status: Goodbye Frizzbo the Wizard, killed by a black unicorn... You died in The Gnomish Mines on dungeon level 6 with 10590 points, and 306 pieces of gold, after 3809 moves. You were level 6 with a maximum of 30 hit points when you died.